 Dungeon Crawl Stone Soup version 0.16-a0-3544-gf6bfca6 (webtiles) character file.

174 Gronka the Shield-Bearer (level 5, 0/46 HPs)
             Began as a Minotaur Fighter on Jan 9, 2015.
             Was a Follower of Cheibriados.
             Slain by Gronka's ghost (6 damage)
             ... on level 3 of the Dungeon.
             The game lasted 00:07:45 (2045 turns).

Gronka the Shield-Bearer (Minotaur Fighter)         Turns: 2045, Time: 00:07:45

Health: 0/46       AC: 12    Str: 22    XL:     5   Next: 28%
Magic:  2/2        EV:  5    Int:  7    God:    Cheibriados [*.....]
Gold:   63         SH: 10    Dex: 13    Spells: 0 memorised, 4 levels left

rFire  . . .     SeeInvis .       - Unarmed
rCold  . . .     Clarity  +     v - +0 plate armour
rNeg   . . .     SustAb   .     c - +0 shield
rPois  .         Gourm    .     (helmet restricted)
rElec  .         Spirit   .     (no cloak)
rCorr  .         Warding  .     (no gloves)
rMut   .         Stasis   .     (no boots)
MR     .....                    m - amulet of clarity
Stlth  ..........               (no ring)
                                (no ring)

@: very slow, not resistant to hostile enchantments, extremely unstealthy
A: retaliatory headbutt, horns 2
a: Bend Time, Renounce Religion


You were on level 3 of the Dungeon.
You worshipped Cheibriados.
Cheibriados was aware of your devotion.
You were not hungry.

You visited 1 branch of the dungeon, and saw 3 of its levels.

You collected 63 gold pieces.

Inventory:

Hand weapons
 w - a +0 whip
Armour
 b - a +0 scale mail
 c - a +0 shield (worn)
 u - a +0 chain mail
 v - a +0 plate armour (worn)
Jewellery
 m - an amulet of clarity (around neck)
Magical devices
 s - a wand of slowing (11)
Scrolls
 d - a scroll of amnesia {unknown}
 f - a scroll of teleportation {unknown}
 g - 7 scrolls of identify {unknown}
 j - a scroll of magic mapping {unknown}
 k - a scroll of noise {unknown}
 r - a scroll of fear {unknown}
 t - a scroll of blinking {unknown}
Potions
 e - a potion of might
 h - 2 potions of curing {unknown}
 i - 2 potions of magic {unknown}
 p - 2 potions of restore abilities {unknown}
 q - 2 potions of haste {unknown}
 x - a potion of brilliance {unknown}
 z - a potion of mutation {unknown}
Comestibles
 a - 2 bread rations
 l - 2 fruits
 n - a royal jelly
 o - 2 meat rations


   Skills:
 + Level 4.3 Fighting
 + Level 4.6 Armour
 + Level 2.0 Dodging
 + Level 0.1 Stealth
 + Level 5.2 Shields
 + Level 2.9 Unarmed Combat


You had 4 spell levels left.
You didn't know any spells.

Dungeon Overview and Level Annotations

Branches:
Dungeon (3/15)

Altars:
Cheibriados

Annotations:
D:3 Gronka's ghost, average HOFi


Innate Abilities, Weirdness & Mutations

You reflexively headbutt those who attack you in melee.
You have a pair of horns on your head.


Message History

* * * LOW HITPOINT WARNING * * *
You hit Gronka's ghost but do no damage.
You headbutt Gronka's ghost.
Gronka's ghost is almost destroyed.
Gronka's ghost hits you but does no damage.
You completely miss Gronka's ghost.
Gronka's ghost is almost destroyed.
You block Gronka's ghost's attack.
You hit Gronka's ghost but do no damage.
Gronka's ghost is almost destroyed.
Gronka's ghost hits you but does no damage.
You hit Gronka's ghost.
Gronka's ghost is almost destroyed.
You block Gronka's ghost's attack. Gronka's ghost hits you.
* * * LOW HITPOINT WARNING * * *
You hit Gronka's ghost but do no damage.
You headbutt Gronka's ghost, but do no damage.
Gronka's ghost is almost destroyed.
Gronka's ghost hits you.
You die...

..!.# #+# #.#.# #.##...
#.#.# #.##...... ...#
#.##....... #..#
#.##........
#.###..####.##........#
#......)..#(##........#
#W##.#.##........#
#@)#.#.##........#
###)#....'.<......#
#....##.##.†......#
#....##.#.........#
#.....#.#.........#
#...#.#.#...#######
#...#...#.[.#
#...##..#...#
#...##..#...#


You could see Gronka's ghost.

Vanquished Creatures
  An ogre (D:3)
  Robin (D:3)
  5 adders
  A giant gecko (D:2)
  A ball python (D:2)
  5 bats
  8 goblins (D:3)
  5 hobgoblins
  2 giant cockroaches (D:1)
  3 giant newts
  9 kobolds
  4 rats (D:2)
45 creatures vanquished.

Notes
Turn   | Place    | Note
--------------------------------------------------------------
     0 | D:1      | Gronka, the Minotaur Fighter, began the quest for the Orb.
     0 | D:1      | Reached XP level 1. HP: 19/19 MP: 1/1
  1086 | D:2      | Reached skill level 1 in Dodging
  1086 | D:2      | Reached skill level 4 in Shields
  1086 | D:2      | Reached XP level 2. HP: 21/27 MP: 1/1
  1229 | D:2      | Found a snail-covered altar of Cheibriados.
  1246 | D:2      | Became a worshipper of Cheibriados the Contemplative
  1438 | D:2      | Reached XP level 3. HP: 29/33 MP: 2/2
  1937 | D:3      | Noticed Robin
  1942 | D:3      | Reached XP level 4. HP: 33/40 MP: 2/2
  1947 | D:3      | Noticed an ogre
  1957 | D:3      | Killed Robin
  1976 | D:3      | Killed an ogre
  1976 | D:3      | Reached skill level 5 in Shields
  1976 | D:3      | Reached XP level 5. HP: 26/46 MP: 2/2
  2006 | D:3      | Noticed Gronka's ghost (average HOFi)
  2045 | D:3      | Slain by Gronka's ghost

Action                   |  1- 3 |  4- 6 || total
-------------------------+-------+-------++-------
Melee: Unarmed           |    96 |    73 ||   169
  Eat: Bread ration      |     1 |       ||     1
